 Dungeon Crawl Stone Soup version 0.20-a0-1015-g2ec8a95 (webtiles) character file.

107 Megalobster the Conjurer (level 4, 0/24 HPs)
             Began as a Deep Elf Conjurer on Apr 15, 2017.
             Slain by a gnoll
             ... wielding a +0 club
              (5 damage)
             ... on level 2 of the Dungeon.
             The game lasted 00:08:17 (1827 turns).

Megalobster the Conjurer (Deep Elf Conjurer)        Turns: 1827, Time: 00:08:17

Health: 0/24       AC:  2    Str:  5    XL:     4   Next: 57%
Magic:  2/12       EV: 13    Int: 21    God:
Gold:   90         SH:  0    Dex: 15    Spells: 1/11 levels left

rFire    . . .     SeeInvis .   l - -1 mace (curse)
rCold    . . .     Gourm    .   (no shield)
rNeg     . . .     Faith    .   a - +0 robe
rPois    .         Spirit   .   (no helmet)
rElec    .         Reflect  .   (no cloak)
rCorr    .         Harm     .   (no gloves)
MR       .....                  (no boots)
Stlth    ++........             h - amulet of regeneration
Regen    0.5/turn               (no ring)
MPRegen  0.2/turn               (no ring)

@: lethally poisoned (0 -> -1)
A: no striking features
a: no special abilities


You were on level 2 of the Dungeon.
You were not hungry.

You visited 1 branch of the dungeon, and saw 2 of its levels.

You collected 90 gold pieces.

Inventory:

Hand Weapons
 j - a +0 dagger
 l - a cursed -1 mace (weapon)
Armour
 a - a +0 robe (worn)
 o - a +0 large shield
 q - a +0 helmet
Jewellery
 h - an amulet of regeneration (around neck)
Scrolls
 d - 2 scrolls of remove curse
 e - 4 scrolls of identify
 g - a scroll of immolation {unknown}
 k - 2 scrolls of amnesia {unknown}
 m - a scroll of random uselessness {unknown}
 s - a scroll of fog {unknown}
Potions
 i - 2 potions of heal wounds {unknown}
 n - a potion of curing {unknown}
 p - a potion of resistance {unknown}
Books
 b - a book of Conjurations

   Spells                             Type                      Level
   a - Magic Dart                     Conjuration                  1
   b - Searing Ray                    Conjuration                  2
   c - Dazzling Spray                 Conjuration/Hexes            3
   d - Fulminant Prism                Conjuration/Hexes            4
   e - Force Lance                    Conjuration/Translocation    4
   f - Iskenderun's Mystic Blast      Conjuration                  4
Comestibles
 c - a bread ration
 f - 2 chunks of flesh
 r - 2 royal jellies


   Skills:
 - Level 2.4 Dodging
 - Level 2.4 Stealth
 + Level 4.4 Spellcasting
 * Level 6.0 Conjurations


You had one spell level left.
You knew the following spells:

 Your Spells              Type           Power        Failure   Level  Hunger
a - Magic Dart            Conj           ####         1%          1    None
b - Searing Ray           Conj           ####..       1%          2    #......
c - Dazzling Spray        Conj/Hex       ###...       12%         3    ##.....
d - Iskenderun's Mystic   Conj           ####....     12%         4    ####...


Dungeon Overview and Level Annotations

Branches:
Dungeon (2/15)

Altars:


Message History

You hit the gnoll.
The gnoll is lightly wounded.
The gnoll closely misses you. x2
You hit the gnoll but do no damage.
The gnoll is lightly wounded.
The gnoll hits you but does no damage. The gnoll barely misses you.
You hit the gnoll but do no damage.
The gnoll is lightly wounded.
You feel sick. The gnoll closely misses you. The gnoll barely misses you.
The gnoll closely misses you.
You barely miss the gnoll.
The gnoll is lightly wounded.
The gnoll hits you with a club. The gnoll barely misses you.
The gnoll hits you with a club.
You closely miss the gnoll.
The gnoll is lightly wounded.
The gnoll hits you from afar with a spear.
* * * LOW HITPOINT WARNING * * *
The gnoll hits you with a club.
You die...

#.#
#........##...
#.#
#........##...
#.#
#.............
#.#
#.............
#.#
#..........###
#.#
#..........# #
#.#
#........###
#.# #...######
#@# ... #g# #.
#g# ).. #.#
.... #.# .....
#.####)g....
#...bg......
######.....#
....#


You could see 2 gnolls.

Vanquished Creatures
  5 gnolls
  An adder (D:2)
  2 oozes
  A dart slug (D:2)
  A ball python (D:1)
  A giant cockroach (D:1)
  4 goblins (D:1)
  6 hobgoblins
  2 jackals (D:2)
  8 kobolds
  4 bats
  3 frilled lizards
  3 rats (D:1)
41 creatures vanquished.

Notes
Turn   | Place    | Note
-------+----------+-------------------------------------------
     0 | D:1      | Megalobster the Deep Elf Conjurer began the quest for the Orb.
     0 | D:1      | Reached XP level 1. HP: 10/10 MP: 6/6
   276 | D:1      | Reached XP level 2. HP: 15/15 MP: 1/8
   339 | D:1      | Learned a level 2 spell: Searing Ray
   578 | D:1      | Reached skill level 5 in Conjurations
  1076 | D:1      | Reached XP level 3. HP: 15/19 MP: 1/10
  1196 | D:1      | Learned a level 3 spell: Dazzling Spray
  1482 | D:2      | Reached XP level 4. HP: 24/24 MP: 9/12
  1488 | D:2      | Learned a level 4 spell: Iskenderun's Mystic Blast
  1511 | D:2      | Found a faded altar of an unknown god.
  1820 | D:2      | Reached skill level 6 in Conjurations
  1827 | D:2      | Slain by a gnoll

Vault maps used:
D:1:      dpeg_arrival_three_smaller_balls, minmay_pentomino_t4
D:2:      lemuel_coloured_pillars_altar, chequers_ecumenical_altar_simple_redux

Skill      XL: |  1  2  3  4 |
---------------+-------------+-----
Conjurations   | 5 6 |  6.0
Spellcasting   | 4 |  4.4
Dodging        | |  2.4
Stealth        | |  2.4

Action                   |  1- 3 |  4- 6 || total
-------------------------+-------+-------++-------
Melee: Mace              |    10 |    10 ||    20
 Cast: Magic Dart        |    53 |    20 ||    73
       Searing Ray       |     6 |     1 ||     7
       Iskenderun's Myst |       |     1 ||     1
       Dazzling Spray    |       |     1 ||     1
  Use: Scroll            |     1 |       ||     1
  Eat: Royal jelly       |     1 |       ||     1
       Chunk             |     1 |       ||     1
Armor: Robe              |     5 |     1 ||     6
Dodge: Dodged            |    27 |    19 ||    46
